Map: Terraform LE (Void)

Players

Tefel - Winner!

  • Race: Zerg Zerg
  • League: Platinum

PsychO

  • Race: Zerg Zerg
  • League: Master

Event: Lycan League Weekly August #3

VOD

Have the link to the VOD?

Description

Time

  • Played on: Aug. 17, 2015, 12:42 p.m.
  • Length: 5:55

All games in this series

Show
View Real Time Build Order
Export as new Build Order

Tefel Zerg - Winner!

Build Orders: Pool First, Zergling Baneling 

Get SALT Encoding   

  12  0:00  Drone  
  13  0:08  Drone  
  14  0:17  Overlord  
  14  0:23  Extractor  
  14  0:24  Drone  
  15  0:35  Drone x2  
  17  0:45  Spawning Pool  
  17  0:47  Drone  
  17  0:54  Drone  
  18  1:13  Hatchery, Drone  
  18  1:17  Extractor  
  18  1:18  Drone  
  18  1:26  Drone  
  18  1:31  Queen  
  21  1:37  Drone  
  22  1:48  Overlord  
  22  1:59  Drone, Extractor  
  22  2:07  Queen  
  24  2:10  Drone  
  25  2:18  Metabolic Boost  
  25  2:21  Drone  
  26  2:25  Drone  
  27  2:31  Drone  
  28  2:37  Baneling Nest  
  28  2:39  Zergling x10  
  33  2:44  Zergling x2  
  33  2:48  Zergling x2  
  33  2:49  Spine Crawler  
  33  2:55  Zergling x2  
  34  2:59  Zergling x2  
  35  3:07  Zergling x2  
  35  3:11  Zergling x2  
  32  3:15  Zergling x2  
  32  3:16  Zergling x2  
  32  3:17  Zergling x2  
  36  3:20  Zergling x2  
  36  3:23  Baneling x3  
  34  3:28  Drone  
  34  3:30  Zergling x2  
  36  3:35  Overlord  
  36  3:39  Drone  
  35  3:41  Drone  
  35  3:45  Drone  
  35  3:47  Drone  
  36  3:54  Drone x3  
  37  3:58  Baneling x3  
  37  3:59  Baneling x2  
  37  4:03  Zergling x2  
  37  4:05  Zergling x2  
  37  4:07  Zergling x2  
  40  4:10  Zergling x4  
  40  4:16  Zergling x4  
  39  4:24  Zergling x4  
  39  4:25  Zergling x2  
  39  4:29  Drone x2  
  41  4:32  Drone  
  41  4:33  Drone  
  42  4:38  Zergling x4  
  42  4:39  Baneling x2  
  42  4:41  Zergling x2  
  43  4:51  Overlord  
  42  5:00  Overlord  
  42  5:02  Overlord  
  42  5:06  Zergling x4  
  44  5:09  Overlord  
  43  5:14  Zergling x6  
  43  5:15  Zergling x4  
  43  5:18  Zergling x4  
  43  5:19  Baneling  
  49  5:22  Zergling x2  
  49  5:25  Zergling x2  
  49  5:26  Zergling x2  
  54  5:31  Zergling x4  
  54  5:35  Zergling x2  
  51  5:37  Baneling  
Show
View Real Time Build Order
Export as new Build Order

PsychO Zerg 

Build Orders: Hatch First 

Get SALT Encoding   

  12  0:00  Drone  
  13  0:08  Drone  
  14  0:14  Extractor  
  14  0:16  Drone  
  15  0:38  Extractor  
  14  0:50  Hatchery  
  13  0:57  Spawning Pool  
  13  0:59  Drone  
  13  1:05  Drone  
  14  1:16  Overlord  
  14  1:44  Metabolic Boost  
  14  1:45  Zergling x4  
  16  1:47  Zergling x2  
  17  1:56  Zergling x2  
  18  2:04  Zergling x2  
  19  2:10  Queen  
  19  2:14  Zergling x2  
  22  2:19  Zergling x2  
  23  2:27  Queen  
  25  2:31  Zergling x2  
  25  2:35  Overlord  
  26  2:40  Zergling x2  
  26  2:42  Zergling x2  
  28  2:49  Overlord  
  28  2:53  Overlord  
  28  3:09  Zergling x6  
  28  3:10  Zergling x2  
  29  3:15  Zergling x2  
  30  3:23  Zergling x8  
  33  3:34  Zergling x4  
  33  3:35  Zergling x2  
  33  3:43  Zergling x8  
  31  3:51  Zergling x2  
  31  3:52  Zergling x2  
  32  3:57  Zergling x4  
  32  4:02  Zergling x4  
  34  4:12  Zergling x6  
  34  4:15  Zergling x2  
  35  4:26  Zergling x6  
  35  4:31  Zergling x4  
  30  4:47  Zergling x2  
  30  4:48  Zergling x6  
  31  5:02  Zergling x8  
  27  5:14  Zergling x6  
  27  5:21  Zergling x4  
  29  5:30  Baneling Nest, Zergling x2  
  29  5:34  Drone  
  25  5:37  Drone  

Tags
 
Add a new tag
Caveats
  • Supply blocks, unpowered buildings, or Contaminate may cause inaccurate times.
  • Supply counts are checked every 10 seconds.